 Dungeon Crawl Stone Soup version 0.29.0-4-gdea44cf6ec (webtiles) character file.

Game seed: 3410985941188297422

126 qw the Chopper (level 5, 0/30 HPs)
             Began as a Tengu Warper on Aug 28, 2022.
             Slain by a gnoll
             ... wielding a +0 spear
              (1 damage)
             ... on level 3 of the Dungeon.
             The game lasted 00:00:17 (2636 turns).

qw the Chopper (Tengu Warper)                       Turns: 2636, Time: 00:00:17

Health: 0/30       AC:  8    Str: 14    XL:     5   Next: 10%
Magic:  9/9        EV:  5    Int: 13    God:
Gold:   145        SH:  8    Dex: 13    Spells: 8/8 levels left

rFire   . . .      SeeInvis .   Y - +0 hand axe
rCold   . . .      Faith    .   i - +0 kite shield
rNeg    . . .      Spirit   .   j - +0 chain mail
rPois   .          Reflect  .   (helmet restricted)
rElec   .          Harm     .   (no cloak)
rCorr   .          Rampage  .   (no gloves)
Will    .....                   (boots unavailable)
Stlth   ..........              (no amulet)
HPRegen 0.10/turn               (no ring)
MPRegen 0.11/turn               (no ring)

@: about to teleport, flying quickly and evasively, quick
A: beak, talons 3, nimble flight
a: no special abilities


You were on level 3 of the Dungeon.
You visited 1 branch of the dungeon, and saw 3 of its levels.

You collected 145 gold pieces.


Innate Abilities, Weirdness & Mutations

You have a beak for a mouth.
You have claws for feet.
Your magical nature lets you fly swiftly and evasively.


   Skills:
 - Level 2.0 Fighting
 - Level 5.1 Axes
 - Level 1.0 Throwing
 - Level 1.1 Armour
 - Level 2.1 Dodging
 + Level 1.8 Shields
 - Level 2.0 Spellcasting
 - Level 2.4 Translocations


You had 8 spell levels left.
You didn't know any spells.
Your spell library contained the following spells:

 Spells                   Type           Power      Damage    Failure   Level
 Blink                    Tloc           14%        N/A       100%        2
 Gell's Gravitas          Tloc           7%         N/A       100%        3
 Lesser Beckoning         Tloc           7%         N/A       100%        3
 Teleport Other           Tloc           7%         N/A       100%        3
 Manifold Assault         Tloc           7%         N/A       100%        5

Inventory:

Hand Weapons
 m - a +0 flail
 Y - a +0 hand axe (weapon)
Armour
 i - a +0 kite shield (worn)
 j - a +0 chain mail (worn)
Jewellery
 e - a ring of fire
Scrolls
 b - a scroll of identify
 l - 2 scrolls of teleportation
Potions
 a - a potion of attraction {unknown}
 c - a potion of invisibility {unknown}
 h - a potion of curing {unknown}

Dungeon Overview and Level Annotations

Branches:
Dungeon (3/15)

Altars:


Message History

You peck the gnoll, but do no damage.
The gnoll is lightly wounded.
The gnoll hits you with a +0 flail.
You hit the gnoll but do no damage. Your kick misses the gnoll.
Your peck misses the gnoll.
The gnoll is lightly wounded.
The gnoll completely misses you.
The gnoll hits you from afar with a +0 halberd.
You barely miss the gnoll. Your peck misses the gnoll.
The gnoll is lightly wounded.
The gnoll hits you from afar with a +0 halberd.
You hit the gnoll. You peck the gnoll.
The gnoll is severely wounded.
The gnoll hits you with a +0 flail.
The gnoll throws a stone.
The stone hits you but does no damage.
The gnoll throws a stone.
You block the stone. The gnoll hits you with a +0 flail.
You barely miss the gnoll.
The gnoll is severely wounded.
You block the gnoll's attack. The gnoll barely misses you.
You hit the gnoll.
You kill the gnoll!
The gnoll throws a stone.
The stone hits you but does no damage.
A gnoll comes into view. It is wielding a +0 spear.
The gnoll shouts!
You hear a shout!
The gnoll hits you with a +0 halberd.
You hit the gnoll but do no damage. The gnoll hits you but does no damage.
You block the gnoll's attack.
You closely miss the gnoll. Your kick misses the gnoll.
The gnoll completely misses you. You block the gnoll's attack.
You hit the gnoll. Your kick misses the gnoll.
The gnoll is lightly wounded.
The gnoll hits you from afar with a +0 spear.
The gnoll hits you with a +0 halberd! The gnoll barely misses you.
The gnoll hits you but does no damage.
2636 ||| READING 3 scrolls of teleportation.
As you read the scroll of teleportation, it crumbles to dust.
You feel strangely unstable. The gnoll hits you but does no damage.
The gnoll hits you from afar with a +0 spear.
You die...

#.. #.# #. ..# ...
##.#.# ..#. #..#..
#.## ##.#.# ...
##..)##g###.#
###.#.@g...... ###
#...##.###.### ..
#.#........... . #.
#.##.###.###.# .## #.
#..#.....# # #.# #.
#.#.##### #.# ##.
#...# #.###.. ##..#
#.#...#
##.############...###


You could see 2 gnolls.

Vanquished Creatures
  3 adders
  A gnoll (D:3)
  2 worms
  6 bats
  5 endoplasms
  10 giant cockroaches
  10 goblins
  5 hobgoblins
  7 jackals
  4 quokkas
  5 ball pythons
  4 frilled lizards
  7 kobolds
  A rat (D:3)
70 creatures vanquished.

Notes
Turn   | Place    | Note
-------+----------+-------------------------------------------
     0 | D:1      | qw the Tengu Warper began the quest for the Orb.
     0 | D:1      | Reached XP level 1. HP: 12/12 MP: 4/4
     0 | D:1      | 0 ||| qw: Version: 0.1-a-89-g26bdef1
     0 | D:1      | 0 ||| qw: Game counter: 2266
     0 | D:1      | 0 ||| qw: Always use a shield: true
     0 | D:1      | 0 ||| qw: God list: Okawaru
     0 | D:1      | 0 ||| qw: Allow faded altars: false
     0 | D:1      | 0 ||| qw: Do Orc after D:15 true
     0 | D:1      | 0 ||| qw: Do second Lair branch before Depths: true
     0 | D:1      | 0 ||| qw: Lair rune preference: random
     0 | D:1      | 0 ||| qw: Plans: Normal
     0 | D:1      | 0 ||| PLANNING D:1-11
    77 | D:1      | HP: 2/12 [goblin/+0 dagger (3)]
    79 | D:1      | Reached skill level 3 in Axes
    79 | D:1      | Reached XP level 2. HP: 3/17 MP: 6/6
   699 | D:1      | 699 ||| Stepping ~*~*~tactically~*~*~ (stealth).
   703 | D:1      | 703 ||| Stepping ~*~*~tactically~*~*~ (stealth).
   710 | D:1      | 710 ||| Stepping ~*~*~tactically~*~*~ (stealth).
   719 | D:1      | Reached XP level 3. HP: 21/21 MP: 7/7
   741 | D:1      | 741 ||| Stepping ~*~*~tactically~*~*~ (stealth).
   752 | D:1      | 752 ||| Stepping ~*~*~tactically~*~*~ (stealth).
   756 | D:1      | 756 ||| Stepping ~*~*~tactically~*~*~ (stealth).
   861 | D:1      | 861 ||| Stepping ~*~*~tactically~*~*~ (stealth).
   862 | D:1      | 862 ||| Stepping ~*~*~tactically~*~*~ (stealth).
  1202 | D:1      | 1202 ||| UPGRADING to +0 ring mail.
  1212 | D:1      | 1212 ||| DROPPING +0 leather armour.
  1213 | D:1      | 1213 ||| READING scroll labelled ISYSIN BIDUKK.
  1216 | D:1      | 1216 ||| DROPPING scroll of blinking.
  1226 | D:2      | 1226 ||| STAIRDANCE
  1230 | D:1      | Reached skill level 4 in Axes
  1282 | D:2      | 1282 ||| STAIRDANCE
  1309 | D:2      | 1309 ||| STAIRDANCE
  1521 | D:2      | Reached XP level 4. HP: 23/26 MP: 8/8
  1622 | D:2      | 1622 ||| FLEEEEING.
  1623 | D:2      | 1623 ||| FLEEEEING.
  1624 | D:2      | 1624 ||| FLEEEEING.
  1625 | D:2      | 1625 ||| FLEEEEING.
  1626 | D:2      | 1626 ||| FLEEEEING.
  1627 | D:2      | 1627 ||| FLEEEEING.
  1628 | D:2      | 1628 ||| FLEEEEING.
  1629 | D:2      | 1629 ||| FLEEEEING.
  1630 | D:2      | 1630 ||| FLEEEEING.
  1631 | D:2      | 1631 ||| FLEEEEING.
  1633 | D:2      | 1633 ||| FLEEEEING.
  1634 | D:2      | 1634 ||| FLEEEEING.
  1819 | D:2      | Reached skill level 5 in Axes
  2012 | D:2      | 2012 ||| DROPPING +0 club.
  2134 | D:2      | 2134 ||| UPGRADING to +0 kite shield.
  2139 | D:2      | 2139 ||| UPGRADING to +0 chain mail.
  2149 | D:2      | 2149 ||| DROPPING +0 ring mail.
  2150 | D:2      | 2150 ||| READING scroll labelled KUGAUSM BEUHI.
  2151 | D:2      | 2151 ||| READING 2 scrolls labelled VUM HOXETESSIO.
  2152 | D:2      | 2152 ||| DRINKING 3 sapphire potions.
  2153 | D:2      | 2153 ||| DROPPING 2 potions of flight.
  2154 | D:2      | 2154 ||| DROPPING scroll of fog.
  2188 | D:3      | 2188 ||| Stepping ~*~*~tactically~*~*~ (stealth).
  2189 | D:3      | 2189 ||| Stepping ~*~*~tactically~*~*~ (stealth).
  2190 | D:3      | 2190 ||| Stepping ~*~*~tactically~*~*~ (stealth).
  2191 | D:3      | 2191 ||| Stepping ~*~*~tactically~*~*~ (stealth).
  2383 | D:3      | Reached skill level 1 in Shields
  2585 | D:3      | Gained mutation: Your magical nature lets you fly swiftly
                  | and evasively. [Tengu growth]
  2585 | D:3      | Reached XP level 5. HP: 27/30 MP: 9/9
  2624 | D:3      | 2624 ||| Stepping ~*~*~tactically~*~*~ (hiding).
  2635 | D:3      | HP: 1/30 [gnoll/+0 halberd (9)]
  2636 | D:3      | 2636 ||| READING 3 scrolls of teleportation.
  2636 | D:3      | Slain by a gnoll

Levels and vault maps discovered:
D:1:      amcnicky_arrival_abandoned_market, layout_basic
D:2:      minmay_roachtagon, layout_rooms, minmay_pentomino_s2
D:3:      layout_rooms, nicolae_concentric_dashed_squares_wild,
          chequers_arboretum

Skill      XL: |  1  2  3  4 |
---------------+-------------+-----
Axes           | 3 4 5 |  5.1
Shields        | 1 |  1.8
Fighting       | |  2.0
Throwing       | |  1.0
Armour         | |  1.1
Dodging        | |  2.1
Spellcasting   | |  2.0
Translocations | |  2.4

Action                   |  1- 3 |  4- 6 || total
-------------------------+-------+-------++-------
Melee: Hand axe          |    90 |    94 ||   184
       Kick              |    26 |    21 ||    47
       Peck              |     9 |    13 ||    22
       Punch             |     3 |       ||     3
Throw: Boomerang         |     7 |       ||     7
  Use: Scroll            |     1 |     3 ||     4
       Potion            |       |     1 ||     1
Armor: Leather armour    |    16 |       ||    16
       Ring mail         |    16 |    14 ||    30
       Chain mail        |       |    22 ||    22
Dodge: Dodged            |    50 |    32 ||    82
Block: Kite shield       |       |    11 ||    11

Table legend:
 A = Non-vault XP
 B = Vault XP
 C = Vault XP percentage of total XP
 D = Non-vault monster count
 E = Vault monster count
 F = Vault count percentage of total count
                 A         B        C        D         E       F
            +---------+---------+-------+---------+---------+-------
      Total |     157 |      24 |  13.3 |      58 |      12 |  17.1
            +---------+---------+-------+---------+---------+-------
        D:1 |      45 |       6 |  11.8 |      26 |       3 |  10.3
        D:2 |      57 |      18 |  24.0 |      17 |       9 |  34.6
        D:3 |      55 |       0 |   0.0 |      15 |       0 |   0.0
            +---------+---------+-------+---------+---------+-------
